 Dungeon Crawl Stone Soup version 0.27-a0-1193-g8631133539 (webtiles) character file.

Game seed: 6681192518353977196

2003 EldarEldrad the Cleaver (level 9, -2/74 HPs)
             Began as a Hill Orc Fighter on May 24, 2021.
             Slain by an orc warrior
             ... wielding a +0 flail
              (10 damage)
             ... on level 7 of the Dungeon on May 25, 2021.
             The game lasted 00:29:24 (7873 turns).

EldarEldrad the Cleaver (Hill Orc Fighter)          Turns: 7873, Time: 00:29:25

Health: -2/74      AC:  9    Str: 21    XL:     9   Next: 22%
Magic:  9/9        EV:  8    Int:  8    God:
Gold:   292        SH: 10    Dex: 11    Spells: 8/8 levels left

rFire    + . .     SeeInvis .   a - +0 war axe
rCold    + . .     Faith    .   c - +0 kite shield
rNeg     . . .     Spirit   .   E - +2 scale mail {rF+}
rPois    .         Reflect  .   (no helmet)
rElec    .         Harm     .   (no cloak)
rCorr    .         Rampage  .   (no gloves)
Will     .....                  (no boots)
Stlth    ..........             D - amulet of regeneration
HPRegen  1.22/turn              y - ring of protection from cold
MPRegen  0.11/turn              (no ring)

@: hasted, very quick
A: no striking features
a: no special abilities


You were on level 7 of the Dungeon.
You visited 1 branch of the dungeon, and saw 8 of its levels.
You also visited: Ossuary.

You collected 292 gold pieces.

Inventory:

Hand Weapons
 a - a +0 war axe (weapon)
 b - a +1 hunting sling of freezing
 l - a +0 flail
 n - a +0 hand axe
Missiles
 m - 49 sling bullets
 p - 15 poisoned darts (quivered)
Armour
 c - a +0 kite shield (worn)
 j - a +0 scale mail
 r - a +0 chain mail
 E - a +2 scale mail of fire resistance (worn)
Jewellery
 u - a ring of fire
 y - a ring of protection from cold (left hand)
 B - a ring of ice
 D - an amulet of regeneration (around neck)
Scrolls
 e - a scroll of blinking {unknown}
 k - a scroll of immolation {unknown}
 o - 2 scrolls of holy word
 q - a scroll of brand weapon {unknown}
 s - 2 scrolls of torment {unknown}
 z - 2 scrolls of noise {unknown}
 A - a scroll of amnesia {unknown}
 C - a scroll of enchant weapon {unknown}
Potions
 d - 2 potions of might
 f - a potion of invisibility
 g - 7 potions of curing
 h - a potion of cancellation {unknown}
 i - a potion of lignification
 t - 2 potions of mutation {unknown}
 v - 4 potions of flight
 w - 2 potions of magic
 x - a potion of haste


   Skills:
 - Level 5.0 Fighting
 * Level 12.2 Axes
 + Level 6.0 Armour
 + Level 5.8 Shields


You had 8 spell levels left.
You didn't know any spells.
Your spell library contained the following spells:

 Spells                   Type           Power      Damage    Failure   Level
 Animate Skeleton         Necr           0%         N/A       98%         1
 Pain                     Necr           0%         1d4       98%         1
 Summon Small Mammal      Summ           0%         N/A       98%         1
 Call Imp                 Summ           0%         N/A       99%         2
 Call Canine Familiar     Summ           0%         N/A       100%        3
 Summon Guardian Golem    Hex/Summ       0%         N/A       100%        3
 Vampiric Draining        Necr           0%         2d6       100%        3
 Animate Dead             Necr           0%         N/A       100%        4
 Summon Ice Beast         Ice/Summ       0%         N/A       100%        4
 Summon Lightning Spire   Summ/Air       0%         N/A       100%        4
 Agony                    Necr           0%         N/A       100%        5


Dungeon Overview and Level Annotations

Branches:
Dungeon (8/15)            Ossuary (visited)
 Temple: D:4-7         Lair: D:8-11

Altars:
Elyvilon
Hepliaklqana
Uskayaw
Yredelemnul

Annotations:
D:3 Sigmund, Sigmund


Message History

The orc warrior hits you but does no damage.
You block the orc priest's attack.
You hit the orc priest.
The orc priest is severely wounded.
You closely miss the orc warrior.
The orc warrior hits you with a +0 flail!
The orc priest calls down the wrath of Beogh upon you.
Beogh smites you!
You closely miss the orc priest.
The orc priest shouts, "Surrender to Beogh and we'll let you live!"
The orc priest is severely wounded.
The orc priest shouts, "Surrender to Beogh and we'll let you live!"
You hit the orc warrior but do no damage.
The orc warrior hits you with a +0 flail!
* * * LOW HITPOINT WARNING * * *
You block the orc priest's attack.
You hit the orc priest.
The orc priest is severely wounded.
You hit the orc warrior. You block the orc warrior's attack.
The orc priest closely misses you.
The orc warrior hits you with a +0 flail!
* * * LOW HITPOINT WARNING * * *
You feel yourself speed up.
The orc priest calls upon Beogh to heal the orc warrior.
The orc warrior is healed somewhat.
The orc warrior hits you with a +0 flail.
* * * LOW HITPOINT WARNING * * *
You closely miss the orc warrior.
The orc warrior is heavily wounded.
You slash the orc priest!
You kill the orc priest!
Your life force feels restored.
You barely miss the orc warrior.
The orc warrior is heavily wounded.
The orc warrior hits you with a +0 flail.
* * * LOW HITPOINT WARNING * * *
You hit the orc warrior.
The orc warrior is severely wounded.
The orc warrior hits you with a +0 flail!
You die...

.....#...#.....
.....#...#.....
######...###### #...#
#.[.# #...# #...# ###
####.).#######.#
#...o@.).......#
#.......).>....#
#.........)....#
#..............#
#..............#######
#.....................
#.....################
#.....# #.....#


You could see an orc warrior.

Vanquished Creatures
  A water moccasin (D:5)
  2 black bears
  An ogre (D:4)
  3 elf skeletons (D:5)
  9 scorpions (Ossuary)
  A water moccasin skeleton (D:3)
  A wight (D:7)
  A centaur zombie (Ossuary)
  2 human zombies (D:5)
  3 hounds
  2 jellies
  2 orc priests (D:7)
  Jessica (D:3)
  2 iguanas
  8 scorpion zombies (Ossuary)
  3 human skeletons (D:5)
  Natasha (D:3)
  3 mummies (Ossuary)
  3 gnolls (D:2)
  A howler monkey skeleton (D:5)
  5 adders
  2 ufetubi
  3 worms (D:2)
  2 dart slugs (D:4)
  4 orcs
  3 ball pythons (D:1)
  4 endoplasms
  A giant cockroach (D:2)
  5 goblins
  10 hobgoblins
  4 kobolds
  2 quokkas
  2 bats (D:1)
  2 frilled lizards
  3 gnoll zombies (Ossuary)
  A goblin zombie (Ossuary)
  A hobgoblin zombie (Ossuary)
  3 kobold zombies (Ossuary)
  2 orc skeletons (D:5)
  2 orc zombies
  2 rats (D:2)
113 creatures vanquished.

Vanquished Creatures (others)
  2 scorpions (Ossuary)
  A quokka (D:3)
3 creatures vanquished.

Grand Total: 116 creatures vanquished

Notes
Turn   | Place    | Note
-------+----------+-------------------------------------------
     0 | D:1      | EldarEldrad the Hill Orc Fighter began the quest for the
                  | Orb.
     0 | D:1      | Reached XP level 1. HP: 19/19 MP: 1/1
   104 | D:1      | Reached skill level 3 in Axes
   104 | D:1      | Reached XP level 2. HP: 20/26 MP: 2/2
  1019 | D:2      | Reached XP level 3. HP: 18/31 MP: 3/3
  1339 | D:2      | Reached XP level 4. HP: 39/39 MP: 4/4
  1364 | D:2      | Reached skill level 4 in Axes
  2338 | D:3      | Noticed Natasha
  2343 | D:3      | Killed Natasha
  2387 | D:3      | Noticed Sigmund
  2477 | D:3      | Reached skill level 5 in Axes
  2477 | D:3      | Reached XP level 5. HP: 30/45 MP: 5/5
  2792 | D:3      | Noticed Jessica
  2813 | D:3      | Killed Jessica
  2814 | D:3      | Reached skill level 6 in Axes
  3026 | D:3      | Found a white marble altar of Elyvilon.
  3085 | D:3      | Found a basalt altar of Yredelemnul.
  3218 | D:4      | Reached skill level 7 in Axes
  3218 | D:4      | Reached XP level 6. HP: 30/51 MP: 6/6
  3480 | D:4      | HP: 2/51 [ogre/+0 giant club (21)]
  3933 | D:4      | Reached skill level 8 in Axes
  4138 | D:4      | Noticed a black bear
  4168 | D:4      | Killed a black bear
  4169 | D:4      | Reached XP level 7. HP: 7/57 MP: 7/7
  4717 | D:4      | Upgraded the game from 0.27-a0-1191-g601b473118 to
                  | 0.27-a0-1193-g8631133539
  4718 | D:5      | Entered Level 5 of the Dungeon
  4742 | D:5      | Reached skill level 9 in Axes
  4968 | D:5      | Found a sand-covered staircase.
  4982 | D:5      | Reached skill level 10 in Axes
  4985 | Ossuary  | Entered an ossuary
  5238 | Ossuary  | Reached XP level 8. HP: 26/64 MP: 8/8
  5593 | Ossuary  | Reached skill level 11 in Axes
  5854 | Ossuary  | HP: 3/64 [kobold zombie (1)]
  5856 | Ossuary  | HP: 1/64 [poisoned by a scorpion]
  6583 | Ossuary  | Reached skill level 5 in Fighting
  6846 | Ossuary  | Reached skill level 5 in Armour
  7008 | D:5      | Reached skill level 5 in Shields
  7128 | D:5      | Reached XP level 9. HP: 62/74 MP: 9/9
  7230 | D:5      | Found a hazy altar of Hepliaklqana.
  7234 | D:5      | Reached skill level 12 in Axes
  7270 | D:5      | Found a hide-covered altar of Uskayaw.
  7718 | D:6      | You fall into a shaft and drop 2 floors!
  7873 | D:7      | Slain by an orc warrior

Illustrated notes

Levels and vault maps discovered:
D:1:      dpeg_arrival_windows_large_door, layout_rooms
D:2:      layout_basic
D:3:      layout_basic, elyvilon_altar_4, demons_altar,
          nicolae_overflow_crystal_walls, amcnicky_altar_gilded,
          portal_sewer_entry_b, hangedman_decor_growths, minmay_ruptured,
          uniq_sigmund, uniq_jessica, uniq_natasha
D:4:      layout_cave_pods
D:5:      layout_rooms, eat_drink_and_be_merry_uskayaw, old_standard_altar,
          nicolae_ossuary_entry_catacombs
D:6:      kennysheep_six_static_rooms, layout_loops_ring, tgw_sif,
          minmay_temple_entry_butterflies, corexii_leaking_fountain,
          uniq_crazy_yiuf_cottage
D:7:      layout_gridville, serial_co_window_serial, co_window_paths_a,
          co_window_paths_b, co_window_corner_a, co_window_of_opportunity_a,
          co_window_corner_a, co_window_paths_b, co_window_of_opportunity_a,
          co_window_of_opportunity_a, co_window_corner_a, co_window_broadway_a,
          co_window_of_opportunity_b, co_window_cross_3, co_window_cross_3,
          co_window_broadway_a, glass_columns_a, glass_columns_a
D:8:      layout_loops_ring, lemuel_doored_altar, grunt_temple_overflow_open,
          gammafunk_ghost_ooze, corexii_hall_statues_deadend, uniq_maurice

Skill      XL: |  1  2  3  4  5  6  7  8  9 |
---------------+----------------------------+-----
Axes           | 3 5 7 8 10 11 12 | 12.2
Armour         | 4 5 6 |  6.0
Shields        | 4 5 |  5.8
Fighting       | 5 |  5.0

Action                   |  1- 3 |  4- 6 |  7- 9 || total
-------------------------+-------+-------+-------++-------
Melee: War axe           |    90 |    53 |   159 ||   302
       Hand axe          |       |    83 |   228 ||   311
 Fire: Hunting sling     |       |    18 |    11 ||    29
Throw: Dart              |       |     2 |       ||     2
  Use: Scroll            |       |     1 |     6 ||     7
       Potion            |       |       |     2 ||     2
Armor: Scale mail        |    28 |    61 |    96 ||   185
Dodge: Dodged            |    19 |    40 |    75 ||   134
Block: Kite shield       |    38 |    55 |   152 ||   245

Table legend: (Time is in decaauts)
 A = Elapsed time spent in this place.
 B = Non-inter-level travel time spent in this place.
 C = Inter-level travel time spent in this place.
 D = Time resting spent in this place.
 E = Time spent auto-exploring this place.
 F = Levels seen in this place.
 G = Mean time per level.
                   A        B        C        D        E       F      G
               +--------+--------+--------+--------+--------+-----+--------+
         Total |   7982 |   7798 |    184 |   3292 |   2519 |   9 |  886.9 |
       Dungeon |   5980 |   5796 |    184 |   1921 |   2519 |   8 |  747.5 |
       Ossuary |   2001 |   2001 |      0 |   1371 |      0 |   1 | 2001.0 |
               +--------+--------+--------+--------+--------+-----+--------+

Top non-repeatable levels by time:
 Ossuary: 2001 daAuts
     D:4: 1568 daAuts
     D:2: 1488 daAuts
     D:1: 959 daAuts
     D:5: 919 daAuts
     D:3: 795 daAuts
     D:7: 122 daAuts
     D:6: 93 daAuts
     D:8: 34 daAuts
